 Dungeon Crawl Stone Soup version 0.29.0-5-ge4962eb29e (webtiles) character file.

Game seed: 9500033708006694895

781 Zeldest the Cleaver (level 7, -5/88 HPs)
             Began as a Hill Orc Monk on Aug 30, 2022.
             Was a Believer of Qazlal.
             Shot themself with a blast of ice (10 damage)
             ... on level 6 of the Dungeon.
             The game lasted 00:06:17 (5100 turns).

Zeldest the Cleaver (Hill Orc Monk)                 Turns: 5100, Time: 00:06:18

Health: -5/88      AC: 23    Str: 16    XL:     7   Next: 85%
Magic:  5/10       EV:  2    Int: 10    God:    Qazlal [**....]
Gold:   218        SH:  2    Dex: 13    Spells: 6/6 levels left

rFire   . . .      SeeInvis .   a - +0 hand axe
rCold   . . .      Faith    .   (no shield)
rNeg    . . .      Spirit   .   (body armour currently unavailable)
rPois   +          Reflect  .   (helmet currently unavailable)
rElec   .          Harm     .   (cloak currently unavailable)
rCorr   +          Rampage  .   (gloves currently unavailable)
Will    .....      NoTele   +   (boots currently unavailable)
Stlth   ++........              (no amulet)
HPRegen 0.24/turn               s - ring of resist corrosion
MPRegen 0.12/turn               (no ring)

@: tree-form
A: stationary, stasis, torment immunity, boosted hp
a: Renounce Religion, Upheaval


You were on level 6 of the Dungeon.
You worshipped Qazlal.
Qazlal was pleased with you.
You were a tree.
You visited 1 branch of the dungeon, and saw 6 of its levels.

You collected 218 gold pieces.

Inventory:

Hand Weapons
 a - a +0 hand axe (weapon)
 b - a +2 whip of holy wrath
Armour
 e - a +0 pair of gloves (melded)
 l - a +0 chain mail (melded)
 m - a +0 helmet (melded)
Jewellery
 d - a +6 ring of intelligence
 j - a ring of fire
 s - a ring of resist corrosion (left branch)
Scrolls
 c - a scroll of identify
 h - 3 scrolls of brand weapon
 k - a scroll of poison {unknown}
 n - a scroll of amnesia {unknown}
 p - 2 scrolls of enchant armour
 r - 3 scrolls of fear
 v - a scroll of blinking {unknown}
 w - a scroll of butterflies {unknown}
 x - a scroll of noise {unknown}
Potions
 i - a potion of resistance
 q - a potion of brilliance
 u - a potion of attraction


   Skills:
 - Level 4.1 Fighting
 * Level 10.2 Axes
 - Level 2.4 Dodging
 - Level 1.5 Stealth
 + Level 5.1 Invocations


You had 6 spell levels left.
You didn't know any spells.
Your spell library contained the following spells:

 Spells                   Type           Power      Damage    Failure   Level
 Sting                    Tmut/Pois      0%         1d3       36%         1
 Poisonous Vapours        Pois/Air       0%         N/A       50%         2
 Stone Arrow              Conj/Erth      0%         3d7       75%         3
 Animate Armour           Summ/Erth      0%         N/A       98%         4
 Olgreb's Toxic Radiance  Pois           0%         N/A       98%         4
 Lehudib's Crystal Spear  Conj/Erth      0%         10d2      100%        8


Dungeon Overview and Level Annotations

Branches:
Dungeon (6/15)
 Temple: D:4-7

Altars:
Elyvilon
Qazlal
Beogh

Shops:
D:1 [   D:4 =

Annotations:
D:4 3 runed translucent doors, 12572944's ghost, weakling HOFi
D:5 Dowan; Duvessa


Message History

Maggie is severely wounded.
Maggie hits you with a +1 scimitar of pain.
* * * LOW HITPOINT WARNING * * *
You feel better.
Maggie is no longer encased in ice.
Maggie barely misses you.
You aren't carrying any items that you can evoke.
Unknown command.
Really quaff the potion of lignification?
You turn into a tree.
Your +0 helmet melds into your body.
Your +0 pair of gloves melds into your body.
Your +0 chain mail melds into your body.
Your roots penetrate the ground.
The ice encasing you melts away. Maggie hits you but does no damage.
A shadow imp comes into view.
You closely miss Maggie.
Maggie is severely wounded.
Maggie hits you but does no damage.
You hit Maggie but do no damage.
Maggie is severely wounded.
Maggie points at you and mumbles some strange words.
The bolt of fire hits you.
* * * LOW HITPOINT WARNING * * *
You barely miss Maggie.
Maggie is severely wounded.
You completely miss Maggie.
Maggie is severely wounded.
A centaur comes into view.
Maggie hits you but does no damage.
You writhe in agony.
* * * LOW HITPOINT WARNING * * *
Aiming: Upheaval
Press: ? - help, Dir - move target, f/p - Maggie
Aim: Maggie, wielding a +1 scimitar of pain and wearing +0 steam dragon scales (severely wounded, mesmerising) That beam is likely to hit you.
Continue anyway?
A blizzard blasts the area with ice!
The blast of ice hits Maggie!!
You are no longer entranced.
You kill Maggie!
Qazlal accepts your kill. The blast of ice hits you!
You die...

##...# ...c. #....
######.... # ..g
#...##5..####.# ..
#...##.#......## .g
####...##.#....>..#
.###.........#)#
..#.##...##.♣.##
#.#.##.........#
##.#.###........#
#....# #........#
###### #........#
#........#
#........#
#........#
#....)...#


You could see a centaur (wandering) and a shadow imp.

Vanquished Creatures
  Maggie (D:6)
  A centaur (D:6)
  2 phantoms
  A necrophage (D:4)
  A scorpion (D:4)
  2 hounds
  A jelly (D:4)
  A gnoll bouda (D:6)
  An iguana (D:4)
  2 orc wizards (D:4)
  Robin (D:2)
  3 adders
  8 gnolls
  A white imp (D:6)
  A worm (D:2)
  3 dart slugs
  3 orcs
  13 ball pythons
  6 endoplasms
  4 giant cockroaches
  12 hobgoblins
  3 jackals (D:1)
  10 kobolds
  7 quokkas
  6 bats
  4 frilled lizards
  13 goblins
  10 rats
121 creatures vanquished.

Vanquished Creatures (others)
  15 plants (D:2)
15 creatures vanquished.

Grand Total: 136 creatures vanquished

Notes
Turn   | Place    | Note
-------+----------+-------------------------------------------
     0 | D:1      | Zeldest the Hill Orc Monk began the quest for the Orb.
     0 | D:1      | Reached XP level 1. HP: 19/19 MP: 1/1
   333 | D:1      | Reached XP level 2. HP: 26/27 MP: 2/2
   399 | D:1      | Found Dugitaff's Antique Armour Shoppe.
   616 | D:1      | Reached skill level 5 in Axes
   621 | D:1      | Reached XP level 3. HP: 25/33 MP: 3/3
  1493 | D:2      | Reached XP level 4. HP: 37/40 MP: 4/4
  1515 | D:2      | Reached skill level 6 in Axes
  1566 | D:2      | Noticed Robin
  1600 | D:2      | Killed Robin
  2728 | D:3      | Reached XP level 5. HP: 46/46 MP: 5/5
  2728 | D:3      | Noticed a phantom
  2756 | D:3      | Killed a phantom
  2757 | D:3      | Reached skill level 7 in Axes
  2757 | D:3      | Reached skill level 1 in Invocations
  3049 | D:3      | Reached XP level 6. HP: 47/52 MP: 7/7
  3267 | D:4      | Found a white marble altar of Elyvilon.
  3283 | D:4      | Reached skill level 8 in Axes
  3302 | D:4      | Found Ochom's Jewellery Boutique.
  3496 | D:4      | Noticed a water elemental
  3502 | D:4      | Found a stormy altar of Qazlal.
  3511 | D:4      | Noticed an air elemental
  3511 | D:4      | Noticed a fire elemental
  3516 | D:4      | Became a worshipper of Qazlal Stormbringer
  3516 | D:4      | Reached * piety under Qazlal
  3516 | D:4      | Reached ** piety under Qazlal
  3595 | D:4      | Found a runed translucent gate.
  3596 | D:4      | Found a runed translucent gate.
  3596 | D:4      | Noticed 12572944's ghost (weakling HOFi)
  3597 | D:4      | Found a runed translucent gate.
  3598 | D:4      | Identified the +6 leather armour of the Miller {rN++}
  3681 | D:4      | Reached XP level 7. HP: 18/59 MP: 9/9
  3769 | D:4      | Reached skill level 9 in Axes
  4393 | D:4      | Found a roughly hewn altar of Beogh.
  4419 | D:5      | Entered Level 5 of the Dungeon
  4423 | D:5      | Noticed Dowan
  4438 | D:5      | Noticed Duvessa
  4461 | D:6      | Reached skill level 10 in Axes
  4782 | D:6      | Reached skill level 5 in Invocations
  5084 | D:6      | Noticed Maggie
  5093 | D:6      | HP: 2/59 [Maggie/+1 scimitar of pain (5)]
  5100 | D:6      | Killed Maggie
  5100 | D:6      | Shot themself with a blast of ice

Illustrated notes

Levels and vault maps discovered:
D:1:      eino_arrival_cavern_e, layout_rooms, serial_shops,
          nicolae_shop_advertising_works [nicolae_subvault_shop_adworks]
D:2:      layout_loops_corners, serial_bayou, serial_bayou_pond_c,
          serial_bayou_ford_a, serial_bayou_shore_a, serial_bayou_pond_a,
          minmay_misc_feat_tower, minmay_misc_feat_five, uniq_robin
D:3:      layout_loops_cross
D:4:      layout_rooms, nicolae_qazlal_style_of_elements,
          mainiacjoe_overflow_cross_hatched, biasface_ghost_orc_armoury,
          minmay_shop_enchanted_jewellery, minivault_26, minmay_starry_boxes
D:5:      layout_loops_cross, minmay_temple_entry_butterflies, serial_demonic,
          serial_demonic_a, serial_demonic_g, serial_demonic_a,
          serial_demonic_b, serial_demonic_c, serial_demonic_g,
          serial_demonic_b, serial_demonic_e, kennysheep_decorative_pillar,
          minivault_5, uniq_duvessa
D:6:      layout_basic, mainiacjoe_overflow_divided_tiny, uniq_maggie

Skill      XL: |  1  2  3  4  5  6  7 |
---------------+----------------------+-----
Fighting       | 4 |  4.1
Axes           | 5 6 7 8 10 | 10.2
Invocations    | 2 3 5 |  5.1
Dodging        | |  2.4
Stealth        | |  1.5

Action                   |  1- 3 |  4- 6 |  7- 9 || total
-------------------------+-------+-------+-------++-------
Melee: Hand axe          |   165 |   228 |   148 ||   541
       Punch             |       |     4 |     5 ||     9
Invok: Upheaval          |       |       |     2 ||     2
  Use: Scroll            |       |       |     8 ||     8
       Potion            |       |       |     5 ||     5
 Stab: Sleeping          |     1 |       |       ||     1
Armor: Robe              |    33 |       |       ||    33
       Chain mail        |    45 |   148 |    58 ||   251
       Skin              |       |       |     3 ||     3
Dodge: Dodged            |   110 |    63 |    40 ||   213
Block: Other             |       |     7 |     6 ||    13
